Map: Emerald City LE

Players

Massa - Winner!

  • Race: Terran Terran
  • League: Platinum
  • Spawn Location: 11:00

qqq - Winner!

  • Race: Zerg Zerg
  • Spawn Location: 11:00

Zogen

  • Race: Terran Terran
  • Spawn Location: 5:00

DisqueTinmar

  • Race: Zerg Zerg
  • Spawn Location: 5:00

VOD

Have the link to the VOD?

Description

Time

  • Played on: Oct. 25, 2020, 12:09 p.m.
  • Length: 22:50
Show
View Real Time Build Order
Export as new Build Order

Massa Terran - Winner!

Build Orders: Reaper Expand 

Get SALT Encoding   

  12  0:00  SCV  
  13  0:12  SCV  
  14  0:23  Supply Depot  
  14  0:24  SCV  
  15  0:45  SCV, Barracks  
  16  0:52  Refinery  
  16  0:57  SCV  
  17  1:09  SCV  
  18  1:21  SCV  
  19  1:36  Reaper  
  20  1:41  Orbital Command  
  20  1:48  Command Center  
  20  2:07  Marine  
  21  2:13  SCV  
  21  2:15  Supply Depot  
  22  2:25  SCV  
  22  2:26  Engineering Bay  
  22  2:27  Factory  
  23  2:47  Supply Depot  
  23  2:49  SCV  
  24  2:58  Refinery  
  24  3:01  Orbital Command, SCV  
  25  3:14  SCV  
  25  3:42  Barracks Reactor  
  25  3:44  Factory Reactor, Supply Depot  
  25  3:46  SCV x2  
  27  3:52  Barracks  
  27  3:54  Refinery  
  27  3:58  SCV x2  
  29  4:03  Starport  
  29  4:10  SCV x2  
  31  4:17  Command Center  
  31  4:19  Missile Turret  
  31  4:22  SCV  
  32  4:24  Hellion  
  32  4:25  Hellion  
  32  4:26  Marine  
  32  4:28  Marine  
  38  4:41  Barracks Tech Lab  
  38  4:46  Hellion x2  
  42  4:53  SCV  
  42  4:54  SCV  
  42  4:58  Missile Turret  
  44  5:01  Medivac  
  44  5:05  SCV  
  44  5:06  SCV  
  47  5:07  Hellion  
  47  5:17  SCV  
  47  5:18  SCV  
  49  5:30  SCV  
  49  5:31  Hellion x2, Liberator  
  49  5:32  Marine x2  
  49  5:33  Marauder  
  49  5:34  Stimpack  
  61  5:53  Hellion x2  
  61  5:54  Marauder  
  59  6:36  SCV  
  59  6:38  SCV  
  61  6:48  Refinery, SCV, Barracks  
  61  6:49  Marauder, Marine  
  61  6:50  SCV, Marine  
  61  6:51  Factory Tech Lab  
  67  7:00  SCV  
  65  7:02  SCV, Missile Turret  
  65  7:03  Missile Turret  
  65  7:05  Missile Turret  
  66  7:09  Missile Turret  
  66  7:11  Marauder  
  66  7:12  SCV  
  66  7:13  Combat Shield  
  66  7:14  SCV  
  70  7:19  Widow Mine  
  70  7:21  Marine  
  70  7:22  Marine  
  74  7:24  Missile Turret  
  74  7:25  SCV  
  74  7:26  SCV  
  74  7:32  Marine  
  75  7:39  Marine x2  
  75  7:43  Missile Turret  
  77  7:49  Supply Depot  
  77  7:51  Supply Depot x2  
  77  7:56  Orbital Command, Missile Turret  
  77  8:03  Missile Turret  
  77  8:05  Missile Turret  
  77  8:10  SCV x2, Marine x3, Siege Tank  
  77  8:12  Supply Depot  
  85  8:14  Supply Depot  
  85  8:16  Medivac  
  87  8:21  Barracks  
  87  8:22  SCV x2, Barracks  
  87  8:23  Barracks  
  87  8:25  Terran Infantry Weapons Level 1, Missile Turret  
  89  8:27  Missile Turret  
  89  8:28  Marauder, Marine x2  
  89  8:32  Concussive Shells  
  93  8:34  SCV x2  
  89  8:42  Siege Tank  
  89  8:45  Marine  
  91  8:50  Marauder  
  93  9:11  Barracks Reactor, Barracks Tech Lab, Marauder  
  93  9:12  Barracks Tech Lab  
  93  9:15  Marine  
  93  9:16  Marine  
  97  9:18  Siege Tank  
  100  9:32  Marauder  
  100  9:33  Refinery, Marine x2  
  104  9:41  Refinery  
  104  9:50  Siege Tank  
  104  9:51  Marine x2  
  109  9:54  Marauder  
  111  10:08  Marine  
  111  10:09  Marine  
  111  10:12  Marauder x2, Marine  
  111  10:13  Marine  
  109  10:15  Marauder  
  109  10:16  SCV x3  
  114  10:22  Siege Tank  
  117  10:35  Command Center  
  117  10:42  Missile Turret  
  117  10:43  Missile Turret, Supply Depot  
  117  10:44  Supply Depot x2  
  117  10:45  Terran Infantry Armor Level 1, Missile Turret  
  117  10:46  Supply Depot  
  117  11:04  SCV, Marine x3  
  117  11:05  Marauder x2, Marine, Missile Turret x2  
  117  11:06  SCV x2, Marauder  
  117  11:08  Missile Turret  
  130  11:18  SCV x2  
  132  11:22  Marine x3  
  132  11:23  Marine  
  133  11:26  Marauder x2  
  133  11:27  Marauder  
  133  11:31  Missile Turret  
  122  11:40  Marine x3  
  122  11:41  Marine  
  126  11:47  Marauder x2  
  126  11:49  Marauder  
  132  11:55  Starport Reactor  
  132  11:56  Planetary Fortress  
  132  11:58  SCV  
  132  11:59  SCV x2  
  132  12:00  Refinery  
  135  12:09  Marauder x2  
  135  12:10  Marauder  
  135  12:11  SCV x3  
  144  12:23  SCV x3  
  147  12:35  SCV x3  
  150  12:47  SCV x2  
  152  12:55  Medivac x2  
  152  12:58  Marauder x3, Marine  
  162  12:59  Marine  
  164  13:10  Marine, Supply Depot x2  
  164  13:11  Marine  
  164  13:12  Supply Depot  
  164  13:13  Armory, Supply Depot  
  164  13:16  Marine  
  164  13:17  Marine  
  164  13:19  Marauder  
  132  13:20  Marauder x2  
  132  13:25  Medivac x2  
  131  13:28  Marine  
  131  13:29  Marine  
  131  13:33  Supply Depot  
  121  13:34  Marine, Supply Depot  
  121  13:35  Marine  
  121  13:36  Supply Depot  
  121  13:38  Supply Depot  
  121  13:41  Marauder x3  
  119  13:44  Engineering Bay  
  119  13:46  Marine  
  119  13:47  Marine  
  112  13:52  Marine x2  
  114  13:55  Medivac x2  
  114  13:57  Supply Depot x2  
  114  14:00  Supply Depot  
  114  14:02  Marauder x3, Supply Depot  
  111  14:04  Marine  
  111  14:05  Marine, Siege Tank  
  114  14:10  Marine x2  
  114  14:14  Armory  
  105  14:21  Supply Depot  
  105  14:22  Marine, Supply Depot  
  105  14:23  Marauder, Marine  
  106  14:24  Marauder x2  
  106  14:27  Marine  
  106  14:28  Marine  
  107  14:37  Siege Tank  
  110  14:39  Marine  
  110  14:41  Marine  
  110  14:42  Terran Infantry Armor Level 2  
  110  14:43  Command Center  
  110  14:44  Marine, Terran Vehicle Weapons Level 1  
  110  14:45  Marine x3, Viking x2  
  115  14:46  Marine  
  121  14:57  Marine  
  121  14:58  Marine  
  121  14:59  Factory  
  123  15:02  Marine x3  
  123  15:03  Marine  
  123  15:04  Marine  
  126  15:09  Siege Tank  
  129  15:15  Marine, Viking x2  
  129  15:16  Marine  
  129  15:20  Marine x3  
  90  15:38  Marine x2  
  78  15:45  Factory Tech Lab, Viking  
  78  15:46  Marauder  
  78  15:47  Marine  
  78  15:48  Marine x3  
  78  15:49  Siege Tank  
  88  15:56  Marauder x2  
  90  16:05  Marine x4  
  90  16:08  Marauder  
  96  16:17  Marauder  
  96  16:18  Marauder  
  97  16:22  Siege Tank  
  97  16:23  Marine x4, Viking x2  
  107  16:29  Marauder  
  101  16:39  Marauder x2  
  105  16:40  Orbital Command  
  105  16:51  Marauder, Command Center  
  105  16:52  Viking  
  105  16:53  Viking  
  105  16:54  Siege Tank  
  114  17:00  Marauder  
  106  17:46  Viking x2  
  106  17:49  SCV x3  
  113  18:01  SCV x3  
  116  18:13  SCV  
  116  18:14  SCV x2  
  116  18:16  Viking x2  
  123  18:25  SCV  
  123  18:26  SCV x2  
  126  18:28  Orbital Command  
  126  18:37  SCV  
  126  18:38  SCV x2  
  126  18:39  Command Center  
  129  18:46  Marauder x3, Marine x3  
  138  18:49  SCV  
  138  18:50  SCV x2  
  138  18:53  Command Center  
  141  19:02  SCV x2  
  133  19:07  Marauder  
  126  19:12  Marauder  
  126  19:13  Marauder, Marine  
  110  19:28  Marauder  
  110  19:29  Viking x2  
  110  19:34  Marauder x2  
  114  19:38  Refinery  
  114  19:43  SCV x4  
  118  19:50  Marauder  
  120  19:55  SCV x3  
  120  19:59  Viking  
  125  20:06  Marauder x2, Marine x4  
  133  20:11  Marine  
  134  20:24  Marine  
  134  20:27  Marauder  
  134  20:28  Marauder  
  131  20:59  Marauder x2, Marine x2  
  131  21:00  Marauder, Marine x2  
  131  21:01  Thor x2  
  131  21:03  Orbital Command  
  153  21:07  Refinery  
  153  21:10  Refinery  
  153  21:12  Planetary Fortress  
  153  21:20  Marauder  
  153  21:21  Marauder x2  
  151  21:42  Marauder x2  
  151  21:43  Thor x2  
  165  21:50  Marauder, Marine x4  
  171  21:56  SCV  
  171  21:57  SCV x4  
  176  22:03  Marauder  
  176  22:04  Marauder  
  176  22:08  Marine x4  
  180  22:09  SCV x3  
  180  22:11  Marauder  
  188  22:24  Marauder, Marine  
  188  22:25  Marine  
  188  22:26  Marine  
Show
View Real Time Build Order
Export as new Build Order

qqq Zerg - Winner!

Build Orders: Hatch First 

Get SALT Encoding   

  12  0:00  Drone  
  13  0:08  Drone  
  14  0:35  Hatchery  
  13  0:48  Drone  
  14  0:57  Spawning Pool  
  14  1:04  Overlord  
  13  1:08  Drone  
  13  1:10  Extractor  
  13  1:15  Drone  
  14  1:23  Drone  
  15  1:45  Queen  
  17  1:49  Overlord  
  17  1:50  Drone  
  17  1:54  Spine Crawler  
  17  1:59  Drone  
  17  2:00  Drone  
  20  2:15  Drone x2  
  22  2:16  Queen  
  24  2:33  Drone x2  
  24  2:35  Drone x3  
  29  2:48  Drone  
  29  2:59  Metabolic Boost  
  29  3:02  Zergling x4  
  29  3:03  Overlord  
  29  3:04  Drone  
  32  3:09  Zergling x2  
  32  3:10  Zergling x4  
  35  3:20  Hatchery  
  35  3:24  Zergling x4  
  37  3:27  Drone  
  37  3:32  Baneling Nest  
  37  3:33  Drone  
  37  3:37  Drone  
  37  3:38  Drone  
  37  3:41  Drone  
  40  3:44  Zergling x2  
  40  3:47  Overlord  
  41  3:50  Zergling x2  
  41  3:53  Drone  
  43  4:01  Zergling x2  
  44  4:03  Overlord  
  44  4:14  Zergling x4, Overlord  
  44  4:15  Zergling x2  
  47  4:17  Drone x3  
  47  4:20  Baneling  
  47  4:21  Baneling x2  
  47  4:22  Baneling  
  47  4:23  Baneling  
  50  4:27  Drone  
  50  4:28  Zergling x2  
  52  4:52  Drone x5  
  57  4:56  Extractor  
  57  4:57  Lair  
  56  5:00  Drone x2, Overlord x2  
  56  5:01  Zergling x2  
  59  5:13  Spine Crawler x2  
  56  5:26  Drone x3  
  56  5:27  Drone x3  
  61  5:34  Extractor  
  60  5:40  Drone  
  60  5:41  Drone  
  60  5:42  Spine Crawler  
  61  5:54  Hatchery  
  58  6:07  Hatchery  
  57  6:14  Hatchery  
  47  6:28  Spire  
  47  6:29  Drone x2  
  47  6:30  Drone x2, Extractor  
  47  6:31  Drone x5  
  52  6:42  Drone  
  53  6:52  Zergling x4  
  53  6:53  Zergling x2  
  56  6:54  Drone  
  56  6:57  Overlord  
  56  7:00  Spore Crawler  
  56  7:04  Spore Crawler x2  
  56  7:05  Drone  
  56  7:06  Spore Crawler  
  56  7:08  Spore Crawler x2  
  52  7:18  Drone x3  
  52  7:22  Overlord  
  55  7:24  Drone x5  
  60  7:39  Mutalisk  
  60  7:40  Mutalisk x6  
  60  7:42  Drone x3  
  60  7:43  Drone x5  
  82  7:44  Zerg Flyer Weapons Level 1  
  79  7:54  Drone x4, Mutalisk  
  79  7:55  Mutalisk  
  79  7:56  Overlord  
  87  8:08  Drone x2  
  87  8:10  Extractor x2  
  87  8:11  Spore Crawler  
  87  8:12  Spore Crawler  
  85  8:13  Drone x2  
  85  8:14  Extractor, Drone x4  
  85  8:17  Spore Crawler x2  
  88  8:20  Spore Crawler  
  88  8:21  Spore Crawler  
  88  8:22  Drone x3, Extractor  
  88  8:25  Mutalisk x2  
  88  8:26  Corruptor  
  94  8:31  Mutalisk  
  93  8:47  Mutalisk  
  89  8:48  Mutalisk  
  83  9:07  Drone x3  
  83  9:08  Drone x8  
  83  9:09  Drone, Mutalisk x2  
  99  9:19  Drone x3  
  99  9:20  Drone  
  103  9:28  Spine Crawler  
  103  9:29  Spine Crawler  
  100  9:39  Mutalisk x3  
  100  9:40  Mutalisk x2  
  103  9:54  Mutalisk x2  
  103  9:56  Drone x6  
  103  9:57  Drone x4  
  112  10:04  Spine Crawler  
  112  10:05  Extractor  
  112  10:06  Spine Crawler  
  109  10:08  Drone x4  
  113  10:23  Hatchery  
  113  10:24  Spine Crawler, Spore Crawler  
  113  10:28  Drone x5, Spine Crawler, Spore Crawler  
  108  10:29  Mutalisk x3  
  108  10:32  Zerg Flyer Armor Level 1  
  113  10:36  Infestation Pit  
  113  10:40  Mutalisk  
  111  10:51  Drone x2  
  111  10:53  Drone x3  
  116  11:00  Spore Crawler  
  116  11:03  Spore Crawler  
  109  11:34  Mutalisk, Corruptor  
  109  11:35  Corruptor x2  
  107  11:42  Hatchery  
  100  11:51  Drone x2  
  100  11:52  Drone x4  
  106  11:54  Drone x2  
  106  11:58  Corruptor x3  
  106  11:59  Mutalisk x2  
  118  12:01  Overlord x2  
  118  12:02  Overlord  
  118  12:15  Hydralisk Den, Hive  
  117  12:25  Zerg Flyer Weapons Level 2  
  117  12:29  Mutalisk x4  
  121  12:30  Mutalisk x5  
  121  12:31  Mutalisk x3  
  121  12:34  Hatchery  
  140  12:57  Drone x2  
  142  12:59  Overlord x2  
  142  13:00  Overlord x4  
  94  13:27  Mutalisk, Corruptor x2  
  94  13:28  Corruptor  
  94  13:34  Hydralisk x2  
  90  13:36  Muscular Augments  
  94  13:41  Evolution Chamber  
  94  13:45  Evolution Chamber  
  94  13:47  Ultralisk Cavern  
  91  13:54  Drone, Spore Crawler  
  91  13:55  Drone x4, Spore Crawler  
  93  13:56  Drone x3  
  93  13:59  Hydralisk x2  
  93  14:00  Mutalisk x2  
  105  14:07  Zerg Melee Weapons Level 1  
  105  14:11  Drone  
  105  14:14  Drone x3  
  105  14:15  Drone x3  
  112  14:19  Mutalisk  
  112  14:20  Mutalisk x3  
  120  14:33  Zerg Ground Armor Level 1  
  120  14:34  Ultralisk  
  120  14:35  Ultralisk  
  132  14:47  Grooved Spines  
  132  14:50  Drone x8  
  132  14:51  Drone x4  
  144  14:54  Ultralisk  
  144  14:55  Ultralisk x3  
  158  15:06  Hydralisk x3  
  158  15:07  Hydralisk x3  
  156  15:28  Hydralisk x3  
  156  15:29  Hydralisk  
  144  15:45  Hydralisk x4  
  144  15:46  Ultralisk  
  144  15:47  Zergling x4, Ultralisk  
  144  15:48  Zergling x12  
  144  15:49  Zergling x2  
  165  16:02  Zergling x2, Ultralisk x2  
  165  16:03  Drone x2, Hydralisk x2  
  168  16:10  Hydralisk x2  
  160  16:12  Drone x2  
  160  16:13  Zergling x4  
  160  16:16  Extractor x2  
  160  16:17  Spore Crawler x2  
  160  16:19  Spine Crawler, Spore Crawler x2  
  160  16:21  Spine Crawler  
  155  16:29  Hydralisk x2  
  155  16:30  Ultralisk  
  155  16:31  Zergling x2  
  155  16:32  Drone x2, Zergling x6  
  169  16:33  Drone x2  
  159  16:50  Drone x3  
  159  16:51  Drone  
  159  16:52  Ultralisk  
  159  16:53  Zergling x8, Ultralisk  
  179  17:14  Extractor  
  166  17:29  Zerg Ground Armor Level 2, Zerg Melee Weapons Level 2  
  159  17:31  Anabolic Synthesis  
  159  17:35  Zergling x8  
  159  17:36  Hydralisk x4, Zergling x4, Ultralisk  
  175  17:37  Zergling x2  
  175  17:40  Drone x6  
  179  17:45  Spine Crawler x2, Spore Crawler  
  179  17:46  Spine Crawler  
  179  17:48  Spore Crawler  
  174  17:53  Zergling x2, Ultralisk  
  174  17:54  Zergling x4  
  183  17:59  Hydralisk x4  
  183  18:01  Drone x2  
  190  18:08  Hydralisk x3  
  195  18:13  Chitinous Plating  
  184  18:34  Hydralisk x6  
  181  18:35  Hydralisk  
  191  18:43  Hydralisk x5  
  174  19:00  Hydralisk x3, Ultralisk x2  
  174  19:02  Drone x2  
  164  19:03  Drone x4  
  164  19:04  Corruptor  
  164  19:05  Corruptor x2  
  174  19:20  Drone  
  174  19:22  Hydralisk x2, Ultralisk  
  174  19:23  Corruptor x2  
  189  19:24  Corruptor  
  195  19:38  Ultralisk x2  
  195  19:39  Zergling x2  
  194  19:48  Corruptor  
  194  19:50  Overlord x3  
  194  19:51  Overlord  
  186  20:09  Mutalisk x2, Corruptor x2  
  186  20:10  Mutalisk x2, Corruptor  
  186  20:11  Corruptor  
  157  20:45  Corruptor x7  
  157  20:46  Corruptor  
  157  20:48  Drone x4  
  157  20:49  Drone x2  
  167  20:59  Corruptor x3  
  173  21:10  Drone  
  174  21:16  Corruptor x2  
  158  21:29  Zergling x2, Ultralisk  
  158  21:30  Zergling x14  
  158  21:31  Zergling x8  
  176  21:38  Corruptor x2  
  180  21:40  Drone x3  
  171  22:04  Ultralisk x2  
  171  22:05  Zergling x10  
  171  22:06  Zergling x6  
  163  22:32  Zergling x12  
  163  22:33  Zergling x4  
Show
View Real Time Build Order
Export as new Build Order

Zogen Terran 

Build Orders:  

Get SALT Encoding   

  12  0:01  SCV  
  13  0:13  SCV  
  14  0:19  Supply Depot  
  14  0:27  SCV  
  15  0:41  Barracks  
  15  0:44  Refinery  
  15  0:45  SCV  
  16  0:53  Refinery  
  16  0:57  SCV  
  17  1:09  SCV  
  18  1:15  Supply Depot  
  18  1:25  SCV  
  19  1:35  Reaper  
  20  1:41  Orbital Command  
  20  1:55  Factory  
  19  2:07  SCV  
  20  2:19  SCV  
  21  2:23  Supply Depot  
  21  2:31  SCV  
  22  2:43  SCV, Factory Reactor  
  23  2:48  Reaper  
  24  2:56  Command Center  
  24  3:08  SCV  
  24  3:09  Starport  
  25  3:20  SCV  
  26  3:32  SCV  
  27  3:36  Hellion x2  
  31  3:43  Supply Depot  
  31  3:45  SCV  
  32  3:49  Engineering Bay  
  32  3:57  Reaper, SCV  
  32  4:00  Hellion  
  32  4:01  Hellion  
  38  4:09  SCV  
  39  4:14  Orbital Command  
  39  4:21  SCV  
  39  4:22  Missile Turret  
  40  4:34  Starport Reactor  
  40  4:35  Factory  
  40  4:46  SCV x2  
  40  4:50  Hellion  
  40  4:51  Missile Turret  
  44  4:58  SCV  
  45  5:01  SCV  
  46  5:10  SCV  
  46  5:13  SCV  
  39  5:22  SCV  
  39  5:25  Hellion x2  
  42  5:29  SCV  
  42  5:31  Factory Tech Lab  
  42  5:33  Liberator  
  42  5:34  SCV  
  47  5:40  Supply Depot  
  47  5:45  Refinery  
  47  5:46  SCV  
  47  5:47  Refinery, SCV, Hellion x2  
  53  5:59  SCV  
  53  6:04  Supply Depot  
  46  6:08  Hellion x2  
  50  6:20  Infernal Pre-Igniter  
  48  6:28  SCV x2  
  48  6:29  Hellion  
  48  6:30  Hellion  
  48  6:38  Liberator  
  51  6:40  SCV x2  
  53  6:51  Hellion  
  53  6:52  SCV x2, Armory  
  53  6:54  Armory  
  57  7:00  Liberator  
  60  7:04  SCV  
  60  7:05  SCV  
  60  7:06  Hellion x2  
  66  7:12  Hellion  
  68  7:17  SCV x2  
  68  7:21  Medivac, Supply Depot  
  72  7:28  Hellion  
  72  7:29  SCV x2  
  76  7:43  Medivac  
  78  7:51  Liberator, Command Center  
  81  8:09  Supply Depot  
  81  8:10  Hellion  
  81  8:11  Hellion  
  85  8:17  Factory x2  
  85  8:19  Factory  
  85  8:23  SCV  
  86  8:31  SCV, Hellion, Medivac  
  86  8:32  Hellion  
  91  8:34  Medivac, Supply Depot  
  91  8:35  SCV  
  88  8:44  SCV  
  88  8:47  SCV  
  88  8:56  SCV  
  88  8:57  Supply Depot  
  88  9:00  SCV  
  86  9:04  Thor  
  88  9:11  Factory Tech Lab x2  
  88  9:12  Factory Tech Lab  
  88  9:16  Terran Vehicle Weapons Level 1  
  88  9:18  Medivac  
  90  9:25  Orbital Command  
  90  9:29  Missile Turret  
  90  9:47  Thor  
  96  10:22  Thor  
  102  10:29  Liberator  
  102  10:30  Thor  
  111  10:38  Supply Depot  
  111  10:39  Supply Depot  
  111  10:40  Supply Depot  
  111  11:02  Thor x2  
  123  11:04  Hellbat x2, Supply Depot  
  123  11:05  Hellbat, Supply Depot  
  123  11:08  Supply Depot  
  129  11:12  Thor  
  132  11:26  Hellbat x2  
  132  11:27  Hellbat  
  100  11:45  Liberator x2, Hellbat x2  
  112  11:47  Hellbat x2  
  112  11:48  Hellbat  
  116  11:55  Thor  
  116  11:57  Terran Vehicle Weapons Level 2  
  116  11:59  Terran Vehicle And Ship Armor Level 1  
  122  12:06  Hellbat x2  
  128  12:08  Hellbat  
  128  12:09  Hellbat  
  128  12:10  Hellbat  
  132  12:17  Missile Turret  
  132  12:21  Missile Turret  
  132  12:22  Missile Turret  
  132  12:28  Liberator x2, Hellbat x2  
  144  12:30  Missile Turret, Hellbat x2  
  144  12:32  Hellbat  
  148  12:38  Thor, Missile Turret  
  150  12:49  Hellbat  
  149  12:53  Missile Turret  
  120  13:24  Orbital Command  
  120  13:25  Hellion, Hellbat x5  
  120  13:46  Hellbat x5  
  120  13:47  Hellbat  
  132  14:07  Hellbat  
  132  14:08  Hellbat x5  
  144  14:10  Hellion  
  144  14:22  Liberator x2  
  148  14:28  Thor  
  148  14:29  Thor x2, Hellbat x3  
  172  14:40  SCV  
  172  14:43  Missile Turret  
  173  14:47  Refinery x2  
  173  15:04  Missile Turret  
  173  15:13  Supply Depot  
  173  15:23  SCV x2  
  173  15:24  SCV, Hellbat  
  173  15:25  Liberator x2  
  173  15:27  Thor  
  154  15:36  Supply Depot  
  105  15:59  Supply Depot  
  102  16:07  Liberator  
  102  16:08  Liberator  
  102  16:09  Hellbat x5  
  102  16:10  Hellbat  
  120  16:30  Hellbat x4  
  120  16:31  Hellbat  
  120  16:32  Hellbat  
  102  16:51  Thor x3  
  102  16:52  Command Center  
  120  17:06  Medivac x2  
  85  17:25  Thor  
  76  17:34  Thor  
  78  18:11  Orbital Command  
  78  18:18  Hellbat x3  
  79  18:34  Liberator  
  72  19:15  Thor  
  71  19:43  Hellbat  
  73  19:49  Orbital Command  
  54  20:46  Hellbat x2  
  40  21:29  SCV  
  41  21:41  SCV  
  42  21:53  SCV  
  43  21:55  Thor x2  
  49  22:05  SCV  
  50  22:17  SCV  
  52  22:30  SCV  
Show
View Real Time Build Order
Export as new Build Order

DisqueTinmar Zerg 

Build Orders: Hatch First, Muta Ling Bane 

Get SALT Encoding   

  12  0:00  Drone  
  13  0:08  Drone  
  14  0:16  Overlord  
  14  0:35  Drone x3  
  17  0:46  Drone  
  18  0:59  Drone, Hatchery  
  18  1:08  Drone  
  19  1:14  Extractor  
  18  1:19  Spawning Pool  
  18  1:21  Drone  
  18  1:33  Drone  
  19  1:54  Drone, Overlord  
  20  2:08  Queen  
  20  2:11  Zergling x2  
  23  2:16  Drone  
  23  2:17  Drone, Queen  
  27  2:34  Drone x3  
  27  2:35  Drone  
  31  2:42  Metabolic Boost  
  31  2:58  Zergling x2  
  31  2:59  Zergling x6  
  35  3:10  Overlord  
  35  3:11  Drone  
  36  3:15  Extractor  
  35  3:33  Drone  
  35  3:34  Drone x7  
  43  3:36  Lair  
  43  3:50  Extractor  
  43  3:52  Extractor  
  43  3:53  Drone x2  
  43  4:02  Overlord  
  43  4:03  Overlord  
  43  4:09  Baneling Nest  
  42  4:13  Evolution Chamber x2  
  40  4:31  Drone x8  
  47  4:53  Zerg Melee Weapons Level 1, Spire, Zerg Ground Armor Level 1  
  47  4:56  Drone  
  47  4:57  Drone x5  
  52  5:08  Overlord x2  
  52  5:13  Hatchery  
  51  5:26  Zergling x2  
  51  5:27  Zergling x12  
  54  5:42  Spine Crawler  
  53  5:45  Baneling x2  
  53  5:46  Baneling x6  
  53  5:47  Baneling x4  
  46  6:22  Mutalisk x4  
  46  6:23  Mutalisk x3  
  60  6:26  Zergling x10  
  65  6:38  Queen  
  67  6:47  Baneling x2  
  67  6:48  Baneling x2  
  67  6:53  Drone  
  68  6:54  Drone x12  
  80  7:02  Overlord  
  80  7:17  Zerg Flyer Weapons Level 1  
  80  7:22  Mutalisk x4  
  80  7:26  Extractor  
  80  7:27  Extractor  
  86  7:44  Zergling x8  
  87  7:46  Overlord  
  87  7:47  Overlord x3  
  89  7:58  Drone, Spore Crawler  
  89  7:59  Drone  
  90  8:08  Zerg Melee Weapons Level 2  
  90  8:09  Zerg Ground Armor Level 2  
  90  8:14  Zergling x2  
  90  8:15  Zergling x24  
  90  8:18  Centrifical Hooks  
  103  8:37  Mutalisk  
  103  8:38  Mutalisk x5  
  95  9:00  Spore Crawler x2  
  91  9:21  Zergling x20  
  101  9:26  Zerg Flyer Weapons Level 2  
  101  9:29  Infestation Pit  
  99  9:33  Spine Crawler  
  99  9:34  Spine Crawler  
  99  9:37  Spore Crawler  
  67  10:02  Mutalisk  
  67  10:03  Mutalisk x9  
  76  10:25  Mutalisk  
  76  10:26  Mutalisk x3  
  84  10:29  Zergling x14  
  91  10:55  Mutalisk x4  
  95  10:59  Zergling x6  
  95  11:00  Zergling x10  
  103  11:17  Drone x3  
  103  11:27  Spore Crawler  
  93  11:44  Corruptor x3  
  93  11:45  Corruptor x2  
  97  11:51  Zergling x2  
  97  11:52  Zergling x24  
  106  12:31  Corruptor x2  
  106  12:32  Corruptor x6  
  120  12:39  Zergling x4  
  122  12:53  Baneling x7  
  122  12:54  Baneling x2, Overlord x2  
  104  13:22  Corruptor  
  104  13:23  Corruptor x3  
  94  13:29  Zergling x2  
  94  13:30  Zergling x6  
  90  14:05  Zergling x18  
  90  14:07  Baneling  
  90  14:08  Baneling x3  
  93  14:24  Drone  
  93  14:25  Drone x2  
  87  14:43  Hatchery  
  82  15:06  Hive  
  77  15:08  Queen  
  77  15:09  Drone  
  77  15:10  Drone x9  
  85  15:38  Zergling x2  
  85  15:39  Zergling x26  
  90  16:05  Queen  
  80  16:25  Greater Spire  
  78  16:29  Zergling x22  
  78  16:30  Zergling x2  
  90  16:42  Spine Crawler  
  90  16:43  Spine Crawler  
  90  16:44  Spine Crawler  
  87  16:51  Zergling x2  
  87  16:52  Zergling x12  
  94  16:57  Adrenal Glands  
  94  17:00  Extractor  
  93  17:03  Extractor, Zerg Melee Weapons Level 3, Zerg Ground Armor Level 3  
  91  17:26  Corruptor x2  
  91  17:27  Corruptor x7  
  97  17:33  Zergling x6  
  97  17:34  Zergling x4  
  96  17:43  Brood Lord x2  
  100  17:47  Brood Lord  
  102  18:01  Brood Lord x2  
  77  18:29  Brood Lord x5  
  77  18:33  Zergling x2  
  88  18:34  Zergling x4  
  88  18:51  Corruptor x2  
  85  19:59  Hatchery  
  60  21:19  Drone x4  
  63  22:16  Hatchery  
Tags
 
Add a new tag
Caveats
  • Supply blocks, unpowered buildings, or Contaminate may cause inaccurate times.
  • Supply counts are checked every 10 seconds.